 Dungeon Crawl Stone Soup version 0.19.0-19-g8c6edcc (webtiles) character file.

5812 Naow the Cleaver (level 10, -4/91 HPs)
             Began as a Minotaur Berserker on Nov 14, 2016.
             Was a High Priest of Trog.
             Slain by Snorg (12 damage)
             ... on level 10 of the Dungeon.
             The game lasted 00:11:54 (6935 turns).

Naow the Cleaver (Minotaur Berserker)               Turns: 6935, Time: 00:11:54

Health: -4/91      AC:  9    Str: 25    XL:     10   Next: 50%
Magic:  9/9        EV: 17    Int:  6    God:    Trog [*****.]
Gold:   262        SH:  4    Dex: 10    Spells: 0 memorised, 9 levels left

rFire  . . .     SeeInvis .     W - +6 great sword of Murghusm {drain, rC+}
rCold  + . .     Gourm    .     t - +0 ring mail
rNeg   . . .     Faith    .     (shield currently unavailable)
rPois  +         Spirit   .     (helmet restricted)
rElec  .         Reflect  +     g - +0 cloak
rCorr  +         Harm     .     (no gloves)
MR     .....                    L - +0 pair of boots "Uwkoyh" {*Contam rPois Str+2 Slay+5}
Stlth  ..........               H - +4 amulet of reflection
                                F - +3 ring of evasion
                                u - ring of resist corrosion

@: no status effects
A: retaliatory headbutt, horns 2
a: Berserk, Trog's Hand, Brothers in Arms, Burn Spellbooks, Renounce Religion


You were on level 10 of the Dungeon.
You worshipped Trog.
Trog was extremely pleased with you.
You were not hungry.

You visited 1 branch of the dungeon, and saw 9 of its levels.
You also visited: Sewer.

You collected 490 gold pieces.
You spent 228 gold pieces at shops.

Inventory:

Hand Weapons
 a - a +0 hand axe
 B - a +0 flail of protection
 R - a +0 war axe
 W - the +6 great sword of Murghusm (weapon) {drain, rC+}
   (Trog gifted it to you on level 10 of the Dungeon)

   A truly terrible weapon, it drains the life of those it strikes.
   It protects you from cold.
Armour
 b - a +0 animal skin
 g - a +0 cloak (worn)
 t - a +0 ring mail (worn)
 L - the +0 pair of boots "Uwkoyh" (worn) {*Contam rPois Str+2 Slay+5}
   (You bought it in a shop on level 7 of the Dungeon)

   It affects your strength (+2).
   It affects your accuracy and damage with ranged weapons and melee attacks
   (+5).
   It protects you from poison.
   It causes magical contamination when unequipped.
Jewellery
 u - a ring of resist corrosion (left hand)
 F - a +3 ring of evasion (right hand)
 H - a +4 amulet of reflection (around neck)
 M - an uncursed ring of stealth {unknown}
Wands
 n - a wand of disintegration (10/24)
 K - a wand of lightning (9/15)
 O - a wand of flame (25/48)
 Q - a wand of flame (37/48)
 U - a wand of flame (0/48)
Scrolls
 d - a scroll of random uselessness {unknown}
 i - a scroll of immolation {unknown}
 j - a scroll of fog {unknown}
 l - 3 scrolls of fear {unknown}
 m - 2 scrolls of recharging {unknown}
 p - a scroll of enchant armour {unknown}
 s - 2 scrolls of blinking {unknown}
 v - 7 scrolls of identify
 w - 2 scrolls of enchant weapon {unknown}
 y - 4 scrolls of teleportation
 z - 3 scrolls of remove curse {unknown}
 C - 3 scrolls of magic mapping {unknown}
 E - a scroll of summoning {unknown}
 S - a scroll of amnesia {unknown}
 X - a scroll of noise {unknown}
Potions
 e - 5 potions of curing
 f - a potion of might {unknown}
 h - 2 potions of cancellation {unknown}
 o - 2 potions of heal wounds
 q - 2 potions of magic {unknown}
 x - 6 potions of flight
 A - a potion of brilliance {unknown}
 J - a potion of resistance {unknown}
Books
 D - a book of Cantrips

   Spells                             Type                      Level
   a - Confusing Touch                Hexes                        1
   b - Animate Skeleton               Necromancy                   1
   c - Summon Small Mammal            Summoning                    1
   d - Apportation                    Translocation                1
   Trog disapproves of the use of such an item.
 N - a book of Debilitation

   Spells                             Type                      Level
   a - Corona                         Hexes                        1
   b - Slow                           Hexes                        2
   c - Gell's Gravitas                Hexes/Translocation          3
   d - Inner Flame                    Hexes/Fire                   3
   e - Cause Fear                     Hexes                        4
   f - Leda's Liquefaction            Hexes/Earth                  4
   Trog disapproves of the use of such an item.
 T - a book of Maledictions

   Spells                             Type                      Level
   a - Corona                         Hexes                        1
   b - Ensorcelled Hibernation        Hexes/Ice                    2
   c - Confuse                        Hexes                        3
   d - Tukima's Dance                 Hexes                        3
   e - Dazzling Spray                 Conjuration/Hexes            3
   Trog disapproves of the use of such an item.
Comestibles
 c - 10 bread rations
 k - 2 slices of pizza
 r - 2 beef jerkies
 G - 17 chunks of flesh
 I - 3 meat rations
 P - a royal jelly
 V - a fruit


   Skills:
 + Level 9.2 Fighting
 * Level 12.4 Axes
 + Level 8.6 Armour
 + Level 8.0 Dodging


You had 9 spell levels left.
You didn't know any spells.

Dungeon Overview and Level Annotations

Branches:
Dungeon (10/15)            Temple (0/1) D:7            Lair (0/6) D:8
    Orc: D:9-12

Altars:
Ashenzari
Dithmenos
Elyvilon
Gozag
Hepliaklqana
Makhleb
Nemelex Xobeh
Okawaru
Trog
Vehumet

Shops:
D:7 [

Annotations:
D:10 Snorg


Innate Abilities, Weirdness & Mutations

You reflexively headbutt those who attack you in melee.
You have a pair of horns on your head.


Message History

You headbutt the hound zombie. You slice the hound zombie!!
You destroy the hound zombie!
Trog accepts your kill.
No target in view!
No target in view!
Snorg the Insatiable comes into view.
Snorg shouts!
Snorg bites you but does no damage. Snorg barely misses you. Snorg claws you!
You barely miss Snorg. Snorg bites you! Snorg completely misses you.
You block Snorg's attack.
Snorg goes berserk!
You slash Snorg!
Snorg is lightly wounded.
Snorg bites you!! Snorg claws you! x2
* * * LOW HITPOINT WARNING * * *
Snorg barely misses you. You furiously retaliate!
You headbutt Snorg!! Snorg claws you!!
* * * LOW HITPOINT WARNING * * *
Snorg misses you. You block Snorg's attack. Snorg claws you!
You die...

#.....# #.#
#.....#
#####.....#
#.........#
#.........#
######....#
#....#
#....######..
#....@T......
#.[..#####...
#....# #....#
#....# #....#
#....# #....


You could see Snorg (berserk).

Vanquished Creatures
  Erolcha (D:9)
  A hill giant (D:8)
  A two-headed ogre (D:6)
  A hippogriff (D:9)
  Edmund (D:4)
  Duvessa (D:6)
  3 orc warriors
  A swamp drake (D:8)
  2 ice beasts
  A phantom (D:6)
  7 ogres
  2 centaurs
  2 crocodiles (D:8)
  2 big kobolds
  Blork the orc (D:4)
  6 bullfrogs
  A gnoll sergeant (D:10)
  A wyvern zombie (D:9)
  2 wyvern skeletons
  Dowan (D:6)
  2 scorpions
  4 wights (D:9)
  4 crimson imps
  A quasit (D:6)
  4 hounds
  A bullfrog zombie (D:9)
  10 orc wizards
  2 orc priests (D:7)
  A centaur skeleton (D:4)
  3 iguanas (D:8)
  Natasha (twice) (D:4)
  A siren (Sewer)
  A merfolk avatar (Sewer)
  6 worker ants
  A killer bee zombie (D:8)
  A hound zombie (D:10)
  Robin (D:2)
  13 adders
  5 gnolls (D:10)
  2 howler monkey skeletons
  2 river rats (Sewer)
  3 shadow imps
  2 oozes
  An adder skeleton (D:8)
  A worm (D:3)
  A dart slug (D:1)
  8 leopard geckos
  15 orcs
  4 bats
  13 giant cockroaches
  15 goblins
  9 hobgoblins
  12 jackals
  3 quokkas
  9 ball pythons
  6 frilled lizards
  14 kobolds
  45 rats
266 creatures vanquished.

Vanquished Creatures (others)
  A wizard (D:6)
1 creature vanquished.

Grand Total: 267 creatures vanquished

Notes
Turn   | Place    | Note
-------+----------+-------------------------------------------
     0 | D:1      | Naow the Minotaur Berserker began the quest for the Orb.
     0 | D:1      | Reached XP level 1. HP: 19/19 MP: 0/0
   195 | D:1      | Reached skill level 4 in Axes
   195 | D:1      | Reached XP level 2. HP: 27/27 MP: 1/1
   832 | D:2      | Noticed Robin
   834 | D:2      | Reached ** piety under Trog
   837 | D:2      | Reached XP level 3. HP: 24/33 MP: 2/2
   844 | D:2      | Killed Robin
  1120 | D:2      | Found a white marble altar of Elyvilon.
  1311 | D:2      | Reached XP level 4. HP: 36/40 MP: 3/3
  1356 | D:2      | Reached skill level 5 in Axes
  1909 | D:3      | Reached *** piety under Trog
  2155 | D:3      | Found a glowing drain.
  2164 | D:3      | Reached XP level 5. HP: 47/47 MP: 4/4
  2183 | Sewer    | Entered a sewer
  2373 | Sewer    | Reached **** piety under Trog
  2534 | Sewer    | Reached skill level 6 in Axes
  2894 | D:3      | Reached XP level 6. HP: 53/53 MP: 5/5
  2945 | D:3      | Found a faded altar of an unknown god.
  2945 | D:3      | Found a faded altar of an unknown god.
  2951 | D:3      | Found a faded altar of an unknown god.
  2953 | D:3      | Found an iron altar of Okawaru.
  2954 | D:3      | Found a bloodstained altar of Trog.
  3045 | D:4      | Noticed Edmund
  3065 | D:4      | Killed Edmund
  3065 | D:4      | Reached skill level 5 in Fighting
  3087 | D:4      | Noticed Blork the orc
  3089 | D:4      | Found a shattered altar of Ashenzari.
  3098 | D:4      | Killed Blork the orc
  3099 | D:4      | Reached skill level 7 in Axes
  3099 | D:4      | Reached XP level 7. HP: 44/61 MP: 6/6
  3330 | D:4      | Noticed Natasha
  3337 | D:4      | Killed Natasha
  3393 | D:4      | Noticed Natasha
  3397 | D:4      | Killed Natasha
  3416 | D:4      | You fall through a shaft for 2 floors!
  3589 | D:6      | Reached skill level 8 in Axes
  3589 | D:6      | Reached skill level 5 in Armour
  3655 | D:6      | Noticed Dowan
  3655 | D:6      | Noticed a two-headed ogre
  3657 | D:6      | Noticed Duvessa
  3668 | D:6      | Killed Dowan
  3668 | D:6      | Reached ***** piety under Trog
  3668 | D:6      | Reached XP level 8. HP: 70/70 MP: 7/7
  3670 | D:6      | Killed a two-headed ogre
  3670 | D:6      | Reached skill level 5 in Dodging
  3671 | D:6      | Killed Duvessa
  3774 | D:6      | Reached skill level 9 in Axes
  3861 | D:6      | Found a bloodstained altar of Trog.
  3862 | D:6      | Noticed a wizard
  3868 | D:6      | Killed a wizard
  4159 | D:7      | Found a staircase to the Ecumenical Temple.
  4253 | D:7      | Found Kadegat's Antique Armour Shoppe.
  4256 | D:7      | Bought a pair of crude boots for 228 gold pieces
  4261 | D:7      | Identified the +0 pair of boots "Uwkoyh" {*Contam rPois Str+2 Slay+5} (You bought it in a shop on level 7 of the Dungeon)
  4367 | D:7      | Reached XP level 9. HP: 79/79 MP: 8/8
  4666 | D:7      | Reached skill level 10 in Axes
  4992 | D:7      | Found a sparkling altar of Nemelex Xobeh.
  4992 | D:7      | Found a hazy altar of Hepliaklqana.
  5050 | D:8      | Noticed a hill giant
  5059 | D:8      | Killed a hill giant
  5181 | D:8      | Found an opulent altar of Gozag.
  5295 | D:8      | Reached skill level 11 in Axes
  5353 | D:8      | Found a staircase to the Lair.
  5810 | D:9      | Reached XP level 10. HP: 86/90 MP: 9/9
  6287 | D:9      | Found a radiant altar of Vehumet.
  6287 | D:9      | Found a burning altar of Makhleb.
  6328 | D:9      | Found a shadowy altar of Dithmenos.
  6368 | D:9      | Noticed Erolcha
  6391 | D:9      | Killed Erolcha
  6391 | D:9      | Reached skill level 12 in Axes
  6782 | D:10     | Entered Level 10 of the Dungeon
  6786 | D:10     | Received a gift from Trog
  6829 | D:10     | Got an encrusted great sword {god gift}
  6830 | D:10     | Identified the +6 great sword of Murghusm {drain, rC+} (Trog gifted it to you on level 10 of the Dungeon)
  6932 | D:10     | Noticed Snorg
  6935 | D:10     | Slain by Snorg

Skill      XL: |  1  2  3  4  5  6  7  8  9 10 |
---------------+-------------------------------+-----
Axes           | 4 5 6 7 8 9 11 12 | 12.4
Fighting       | 4 5 6 7 8 9 |  9.2
Armour         | 3 4 5 6 7 8 |  8.6
Dodging        | 3 4 6 7 8 |  8.0

Action                   |  1- 3 |  4- 6 |  7- 9 | 10-12 || total
-------------------------+-------+-------+-------+-------++-------
Melee: Hand axe          |    73 |   177 |   265 |       ||   515
       Headbutt          |     9 |    29 |    48 |    23 ||   109
       War axe           |       |       |     3 |    77 ||    80
       Great sword       |       |       |       |    15 ||    15
Invok: Berserk           |       |     1 |     6 |     1 ||     8
       Trog's Hand       |       |     1 |     1 |       ||     2
  Use: Scroll            |       |     2 |       |       ||     2
 Stab: Sleeping          |     2 |       |       |       ||     2
  Eat: Chunk             |     1 |     7 |    15 |     5 ||    28
Armor: Animal skin       |    22 |     3 |       |       ||    25
       Ring mail         |       |    57 |    53 |    17 ||   127
Dodge: Dodged            |    47 |    90 |   144 |    70 ||   351
Block: Other             |       |       |    11 |    14 ||    25
       Reflection        |       |       |       |     1 ||     1
       Rpst.: Great sword |       |       |       |     2 ||     2
